APP
GREAT FALLS VOYAGERS @ BLUEFIELD BLUE JAYS
08/28/2045
 
TOP OF THE 1ST
Great Falls Voyagers batting - Pitching for Bluefield Blue Jays : RHP Brad Harth
Pitching: RHP Brad Harth
Batting: RHB Andy Cotton 0-0: Called Strike
0-1: Ball
1-1: Ground out 4-3 (Groundball, 4S, EV 82.5 MPH)
Batting: RHB Kasey Bland 0-0: Called Strike
0-1: SINGLE (Groundball, 56D, EV 104.4 MPH)
Batting: SHB Alfie Bungledorf 0-0: Called Strike
0-1: Ball
1-1: Ball
2-1: Called Strike
Kasey Bland steals 2nd base
2-2: Ground out 6-3 (Groundball, P, EV 93.1 MPH)
Kasey Bland to third
Batting: LHB Jason Bell 0-0: Ball
1-0: Ball
2-0: Swinging Strike
2-1: Foul Ball, location: 2F
2-2: Ball
3-2: Strikes out swinging
Top of the 1st over - 0 runs, 1 hit, 0 errors, 1 left on base; Great Falls 0 - Bluefield 0
BOTTOM OF THE 1ST
Bluefield Blue Jays batting - Pitching for Great Falls Voyagers : LHP Marty de la Rosa
Pitching: LHP Marty de la Rosa
Batting: RHB Tokuji Kawabata 0-0: Ball
1-0: Ball
2-0: Ball
3-0: Called Strike
3-1: Base on Balls
Batting: RHB Brock Van Gilder 0-0: Ball
Tokuji Kawabata is caught stealing 2nd base 2-4
1-0: Ball
2-0: SINGLE (Groundball, 5S, EV 75.0 MPH) (infield hit)
Batting: LHB Devin Huber 0-0: Ball
1-0: Ball
Brock Van Gilder steals 2nd base
2-0: Fly out, F4 (Popup, 3DF, EV 50.6 MPH)
Batting: LHB Chaim Huting 0-0: Ball
1-0: Ball
2-0: Ball
3-0: Base on Balls
Batting: RHB Chris Martin 0-0: Ball
1-0: 3-RUN HOME RUN (Flyball, 78XD, EV 104.4 MPH), Distance : 413 ft
Batting: RHB Frank Caulfield 0-0: Ball
1-0: Called Strike
1-1: Called Strike
1-2: Ground out U3 (Groundball, 3S, EV 78.8 MPH)
Bottom of the 1st over - 3 runs, 2 hits, 0 errors, 0 left on base; Great Falls 0 - Bluefield 3
TOP OF THE 2ND
Great Falls Voyagers batting - Pitching for Bluefield Blue Jays : RHP Brad Harth
Batting: RHB Duncan Collins 0-0: Ball
1-0: Ground out 5-3 (Groundball, 5, EV 104.4 MPH)
Batting: LHB Jose Duran 0-0: Ball
1-0: Ball
2-0: Called Strike
2-1: Ball
3-1: Swinging Strike
3-2: Base on Balls
Batting: RHB Mike Rosa 0-0: Called Strike
0-1: Ball
1-1: Ball
2-1: Ball
3-1: Foul Ball, location: 2F
3-2: Fly out, F7 (Flyball, 7S, EV 82.5 MPH)
Batting: RHB Bill Williams 0-0: Called Strike
0-1: Ball
1-1: Fly out, F7 (Flyball, 78D, EV 95.6 MPH)
Top of the 2nd over - 0 runs, 0 hits, 0 errors, 1 left on base; Great Falls 0 - Bluefield 3
BOTTOM OF THE 2ND
Bluefield Blue Jays batting - Pitching for Great Falls Voyagers : LHP Marty de la Rosa
Batting: RHB Jose Ontiveros 0-0: Called Strike
0-1: Called Strike
0-2: Ball
1-2: Fly out, F8 (Line Drive, 8RD, EV 91.9 MPH)
Batting: RHB Taylor Peavey 0-0: Foul Ball, location: 2F
0-1: SINGLE (Groundball, 56D, EV 103.8 MPH)
Batting: RHB John Hering 0-0: Ball
1-0: Swinging Strike
1-1: Foul Ball, location: 2F
1-2: Ball
2-2: Strikes out swinging
Batting: RHB Tokuji Kawabata 0-0: Hit by Pitch
Taylor Peavey to second
Batting: RHB Brock Van Gilder 0-0: Reached on error, E3 (Groundball, 34, EV 88.8 MPH)
Taylor Peavey to third
Tokuji Kawabata to second
Batting: LHB Devin Huber 0-0: Foul Ball, location: 2F
0-1: Ball
1-1: SINGLE (Line Drive, 4MD, EV 105.6 MPH)
Taylor Peavey scores
Tokuji Kawabata to third
Brock Van Gilder to second
Batting: LHB Chaim Huting 0-0: Foul Ball, location: 2F
0-1: Foul Ball, location: 2F
0-2: Ball
1-2: Strikes out swinging
Bottom of the 2nd over - 1 run, 2 hits, 1 error, 3 left on base; Great Falls 0 - Bluefield 4
TOP OF THE 3RD
Great Falls Voyagers batting - Pitching for Bluefield Blue Jays : RHP Brad Harth
Batting: RHB Billy Grubbs 0-0: Called Strike
0-1: Swinging Strike
0-2: Ball
1-2: Strikes out swinging
Batting: RHB Andy Cotton 0-0: Ball
1-0: Called Strike
1-1: Foul Ball, location: 2F
1-2: Ball
2-2: Strikes out looking
Batting: RHB Kasey Bland 0-0: Ball
1-0: Ball
2-0: Ball
3-0: Called Strike
3-1: SINGLE (Groundball, 6MD, EV 101.2 MPH)
Batting: SHB Alfie Bungledorf 0-0: Called Strike
Kasey Bland steals 2nd base
0-1: Ball
1-1: Swinging Strike
1-2: Strikes out swinging
Top of the 3rd over - 0 runs, 1 hit, 0 errors, 1 left on base; Great Falls 0 - Bluefield 4
BOTTOM OF THE 3RD
Bluefield Blue Jays batting - Pitching for Great Falls Voyagers : LHP Marty de la Rosa
Batting: RHB Chris Martin 0-0: Called Strike
0-1: Ball
1-1: Foul Ball, location: 2F
1-2: Fly out, F9 (Line Drive, 9D, EV 97.5 MPH)
Batting: RHB Frank Caulfield 0-0: Ball
1-0: Ground out 6-3 (Groundball, 6, EV 106.9 MPH)
Batting: RHB Jose Ontiveros 0-0: Foul Ball, location: 2F
0-1: Ball
1-1: Ball
2-1: Ball
3-1: Base on Balls
Batting: RHB Taylor Peavey 0-0: Ball
Jose Ontiveros steals 2nd base
1-0: Called Strike
1-1: Ball
2-1: Ball
3-1: Base on Balls
Batting: RHB John Hering 0-0: Fly out, F7 (Line Drive, 7, EV 96.9 MPH)
Bottom of the 3rd over - 0 runs, 0 hits, 0 errors, 2 left on base; Great Falls 0 - Bluefield 4
TOP OF THE 4TH
Great Falls Voyagers batting - Pitching for Bluefield Blue Jays : RHP Brad Harth
Batting: LHB Jason Bell 0-0: Called Strike
0-1: Foul Ball, location: 2F
0-2: Foul Ball, location: 2F
0-2: Ball
1-2: Ball
2-2: Ground out 4-3 (Groundball, 34D, EV 98.1 MPH)
Batting: RHB Duncan Collins 0-0: Foul Ball, location: 2F
0-1: Swinging Strike
0-2: Foul Ball, location: 2F
0-2: Ball
1-2: Fly out, F9 (Flyball, 9D, EV 95.6 MPH)
Batting: LHB Jose Duran 0-0: Ball
1-0: Called Strike
1-1: DOUBLE (Line Drive, 9LM, EV 106.9 MPH)
Batting: RHB Mike Rosa 0-0: Ball
1-0: Foul Ball, location: 2F
1-1: Ball
2-1: Ground out 3-1 (Groundball, 34, EV 101.2 MPH)
Top of the 4th over - 0 runs, 1 hit, 0 errors, 1 left on base; Great Falls 0 - Bluefield 4
BOTTOM OF THE 4TH
Bluefield Blue Jays batting - Pitching for Great Falls Voyagers : LHP Marty de la Rosa
Batting: RHB Tokuji Kawabata 0-0: Ball
1-0: Ball
2-0: Foul Ball, location: 2F
2-1: Ball
3-1: Called Strike
3-2: Foul Ball, location: 2F
3-2: Base on Balls
Batting: RHB Brock Van Gilder 0-0: Ball
Wild Pitch!
Tokuji Kawabata to second
1-0: Ball
2-0: Ground out 5-3 (Groundball, 56, EV 90.6 MPH)
Batting: LHB Devin Huber 0-0: Ball
Tokuji Kawabata steals 3rd base
1-0: Ball
2-0: Called Strike
2-1: Foul Ball, location: 2F
2-2: SINGLE (Flyball, 7S, EV 95.6 MPH)
Tokuji Kawabata scores
Pitching: LHP Jose Andujar
Batting: LHB Chaim Huting 0-0: Called Strike
0-1: Ball
1-1: Foul Ball, location: 2F
1-2: Ball
2-2: Strikes out swinging
Batting: RHB Chris Martin 0-0: Ball
1-0: Swinging Strike
1-1: Called Strike
1-2: Foul Ball, location: 2F
1-2: Foul Ball, location: 2F
1-2: Foul Ball, location: 2F
1-2: Ball
2-2: Ball
3-2: Base on Balls
Devin Huber to second
Batting: RHB Frank Caulfield 0-0: Called Strike
0-1: SINGLE (Line Drive, 9S, EV 95.6 MPH)
Devin Huber to third
Chris Martin to second
Batting: RHB Jose Ontiveros 0-0: Called Strike
0-1: Ball
1-1: Called Strike
1-2: Ball
2-2: GRAND SLAM HOME RUN (Flyball, 7D, EV 94.4 MPH), Distance : 372 ft
Batting: RHB Taylor Peavey 0-0: SOLO HOME RUN (Flyball, 89XD, EV 106.9 MPH), Distance : 405 ft
Pitching: RHP Ivan Gaona
Batting: RHB John Hering 0-0: Ball
1-0: Called Strike
1-1: Swinging Strike
1-2: Ball
2-2: Ball
3-2: Foul Ball, location: 2F
3-2: SOLO HOME RUN (Flyball, 9D, EV 101.9 MPH), Distance : 384 ft
Batting: RHB Tokuji Kawabata 0-0: Swinging Strike
0-1: Called Strike
0-2: Ball
1-2: Strikes out looking
Bottom of the 4th over - 7 runs, 5 hits, 0 errors, 0 left on base; Great Falls 0 - Bluefield 11
TOP OF THE 5TH
Great Falls Voyagers batting - Pitching for Bluefield Blue Jays : RHP Brad Harth
Batting: RHB Bill Williams 0-0: Swinging Strike
0-1: SINGLE (Line Drive, 6M, EV 96.9 MPH)
Batting: RHB Billy Grubbs 0-0: Ball
1-0: Foul Ball, location: 2F
1-1: Called Strike
1-2: Strikes out swinging
Batting: RHB Andy Cotton 0-0: Called Strike
0-1: Swinging Strike
0-2: Ball
1-2: Ball
Wild Pitch!
Bill Williams to second
2-2: Ground out 6-3 (Groundball, 6, EV 103.8 MPH)
Batting: RHB Kasey Bland 0-0: Ball
1-0: Ball
2-0: Foul Ball, location: 2F
2-1: Ball
3-1: Swinging Strike
3-2: Strikes out swinging
Top of the 5th over - 0 runs, 1 hit, 0 errors, 1 left on base; Great Falls 0 - Bluefield 11
BOTTOM OF THE 5TH
Bluefield Blue Jays batting - Pitching for Great Falls Voyagers : RHP Ivan Gaona
Batting: RHB Brock Van Gilder 0-0: Called Strike
0-1: Fly out, F3 (Popup, 3SF, EV 72.5 MPH)
Batting: LHB Devin Huber 0-0: Ball
1-0: Called Strike
1-1: Ball
2-1: Ball
3-1: Fly out, F8 (Flyball, 8LD, EV 97.5 MPH)
Batting: LHB Chaim Huting 0-0: Ball
1-0: Ball
2-0: Ball
3-0: Called Strike
3-1: Base on Balls
Batting: RHB Chris Martin 0-0: Called Strike
0-1: Ball
1-1: Ball
2-1: Called Strike
2-2: Ball
3-2: Base on Balls
Chaim Huting to second
Pitching: LHP Fadeuka Aleev
Batting: RHB Frank Caulfield 0-0: Called Strike
0-1: Ball
1-1: Ball
2-1: DOUBLE (Line Drive, 89D, EV 110.0 MPH)
Chaim Huting scores
Chris Martin to third
Batting: RHB Jose Ontiveros 0-0: Ball
1-0: Called Strike
1-1: Ground out 5-3 (Groundball, 5S, EV 86.9 MPH)
Bottom of the 5th over - 1 run, 1 hit, 0 errors, 2 left on base; Great Falls 0 - Bluefield 12
TOP OF THE 6TH
Great Falls Voyagers batting - Pitching for Bluefield Blue Jays : RHP Brad Harth
Batting: SHB Alfie Bungledorf 0-0: Called Strike
0-1: Foul Ball, location: 2F
0-2: TRIPLE (Line Drive, 89XD, EV 108.8 MPH)
Batting: LHB Jason Bell 0-0: Foul Ball, location: 2F
0-1: Ball
1-1: Ball
2-1: SINGLE (Flyball, 6MD, EV 93.8 MPH)
Alfie Bungledorf scores
Pitching: LHP Nick Burnstein
Batting: RHB Duncan Collins 0-0: DOUBLE (Flyball, 8LXD, EV 106.2 MPH)
Jason Bell to third
Batting: LHB Jose Duran 0-0: Ball
1-0: SINGLE (Groundball, 4M, EV 86.9 MPH) (infield hit)
Jason Bell scores
Duncan Collins to third
Batting: RHB Mike Rosa 0-0: Ball
1-0: Foul Ball, location: 2F
1-1: Ball
2-1: Foul Ball, location: 2F
2-2: Foul Ball, location: 2F
2-2: DOUBLE (Line Drive, 9LD, EV 110.0 MPH)
Duncan Collins scores
Jose Duran to third
Batting: RHB Bill Williams 0-0: Ball
1-0: Ground out 5-3 (Groundball, 56S, EV 93.1 MPH)
Jose Duran scores
Batting: RHB Billy Grubbs 0-0: Called Strike
0-1: Foul Ball, location: 2F
0-2: Strikes out swinging
Batting: RHB Andy Cotton 0-0: Called Strike
0-1: Ball
1-1: Ground out U3 (Groundball, 3L, EV 95.0 MPH)
Top of the 6th over - 4 runs, 5 hits, 0 errors, 1 left on base; Great Falls 4 - Bluefield 12
BOTTOM OF THE 6TH
Bluefield Blue Jays batting - Pitching for Great Falls Voyagers : LHP Fadeuka Aleev
Batting: RHB Taylor Peavey 0-0: Ball
1-0: Ball
2-0: Foul Ball, location: 2F
2-1: Ball
3-1: Base on Balls
Batting: RHB John Hering 0-0: Ball
1-0: Ball
2-0: Ball
3-0: Called Strike
3-1: Swinging Strike
3-2: Base on Balls
Taylor Peavey to second
Batting: RHB Tokuji Kawabata 0-0: Called Strike
0-1: Ball
1-1: Ball
2-1: Ball
3-1: SINGLE (Line Drive, 7S, EV 86.9 MPH)
Taylor Peavey to third
John Hering to second
Pitching: LHP Matt Schwartz
Batting: RHB Brock Van Gilder 0-0: Foul Ball, location: 2F
0-1: Swinging Strike
0-2: Fielders Choice at 3rd, U5 (Groundball, 5L, EV 103.8 MPH)
Taylor Peavey scores
Tokuji Kawabata to second
Batting: LHB Devin Huber 0-0: Ground out 5-3 (Groundball, 56S, EV 70.0 MPH)
Tokuji Kawabata to third
Brock Van Gilder to second
Batting: LHB Chaim Huting 0-0: Called Strike
0-1: Swinging Strike
0-2: Ball
1-2: Ball
2-2: Foul Ball, location: 2F
2-2: Ground out U3 (Groundball, 3, EV 103.8 MPH)
Bottom of the 6th over - 1 run, 1 hit, 0 errors, 2 left on base; Great Falls 4 - Bluefield 13
TOP OF THE 7TH
Great Falls Voyagers batting - Pitching for Bluefield Blue Jays : LHP Nick Burnstein
Now in LF: Mike Johnson
Batting: RHB Kasey Bland 0-0: Ball
1-0: Ball
2-0: Called Strike
2-1: Foul Ball, location: 2F
2-2: Strikes out swinging
Pinch Hitting: RHB Jake Feinstein 0-0: Called Strike
0-1: Foul Ball, location: 2F
0-2: Ball
1-2: Foul Ball, location: 2F
1-2: Ball
2-2: Foul Ball, location: 2F
2-2: Ball
3-2: Foul Ball, location: 2F
3-2: Base on Balls
Batting: LHB Jason Bell 0-0: Ball
1-0: Ball
2-0: Called Strike
2-1: Ball
3-1: Called Strike
3-2: Strikes out swinging
Batting: RHB Duncan Collins 0-0: Ball
1-0: Ball
2-0: Ball
3-0: Base on Balls
Jake Feinstein to second
Batting: LHB Jose Duran 0-0: Fielders Choice at 2nd, 6-4 (Groundball, 6, EV 108.8 MPH)
Top of the 7th over - 0 runs, 0 hits, 0 errors, 2 left on base; Great Falls 4 - Bluefield 13
BOTTOM OF THE 7TH
Bluefield Blue Jays batting - Pitching for Great Falls Voyagers : LHP Matt Schwartz
Now in CF: Armando Vazquez
Now in RF: Andy Cotton
Batting: RHB Chris Martin 0-0: Ball
1-0: Foul Ball, location: 2F
1-1: Fly out, F8 (Line Drive, 8RD, EV 83.1 MPH)
Batting: RHB Frank Caulfield 0-0: Ball
1-0: Swinging Strike
1-1: Foul Ball, location: 2F
1-2: Strikes out looking
Pinch Hitting: RHB Scott Olson 0-0: Called Strike
0-1: Ball
1-1: Called Strike
1-2: Ball
2-2: Ground out 6-3 (Groundball, 6S, EV 77.5 MPH)
Bottom of the 7th over - 0 runs, 0 hits, 0 errors, 0 left on base; Great Falls 4 - Bluefield 13
TOP OF THE 8TH
Great Falls Voyagers batting - Pitching for Bluefield Blue Jays : LHP Nick Burnstein
Now in CF: Frank Nelson
Batting: RHB Mike Rosa 0-0: Reached on error, E4 (Groundball, 4, EV 91.2 MPH)
Batting: RHB Bill Williams 0-0: Called Strike
0-1: Foul Ball, location: 2F
0-2: Foul Ball, location: 2F
0-2: Ball
1-2: Ball
2-2: Foul Ball, location: 2F
2-2: Strikes out looking
Pitching: RHP Mike Merriman
Batting: RHB Billy Grubbs 0-0: Called Strike
0-1: Foul Ball, location: 2F
0-2: Foul Ball, location: 2F
0-2: Ball
1-2: SINGLE (Flyball, 34D, EV 88.1 MPH)
Mike Rosa to third
Batting: RHB Andy Cotton 0-0: Called Strike
0-1: Foul Ball, location: 2F
0-2: Fielders Choice at 2nd, 4-6 (Groundball, 4, EV 86.2 MPH)
Mike Rosa scores
Batting: RHB Kasey Bland 0-0: Swinging Strike
0-1: Ball
1-1: Foul Ball, location: 2F
1-2: Strikes out swinging
Top of the 8th over - 1 run, 1 hit, 1 error, 1 left on base; Great Falls 5 - Bluefield 13
BOTTOM OF THE 8TH
Bluefield Blue Jays batting - Pitching for Great Falls Voyagers : LHP Matt Schwartz
Batting: RHB Taylor Peavey 0-0: Ball
1-0: Fly out, F3 (Popup, 3L, EV 81.9 MPH)
Batting: RHB John Hering 0-0: Called Strike
0-1: Ball
1-1: Ground out 1-3 (Groundball, 34S, EV 66.2 MPH)
Batting: RHB Tokuji Kawabata 0-0: Ball
1-0: Ball
2-0: Ball
3-0: Base on Balls
Batting: RHB Brock Van Gilder 0-0: Called Strike
Tokuji Kawabata steals 2nd base
0-1: Foul Ball, location: 2F
0-2: Ball
1-2: Fly out, F9 (Flyball, 89D, EV 105.0 MPH)
Bottom of the 8th over - 0 runs, 0 hits, 0 errors, 1 left on base; Great Falls 5 - Bluefield 13
TOP OF THE 9TH
Great Falls Voyagers batting - Pitching for Bluefield Blue Jays : RHP Mike Merriman
Batting: RHB Armando Vazquez 0-0: Called Strike
0-1: Foul Ball, location: 2F
0-2: Strikes out looking
Batting: LHB Jason Bell 0-0: Swinging Strike
0-1: Foul Ball, location: 2F
0-2: Foul Ball, location: 2F
0-2: Ball
1-2: Strikes out swinging
Batting: RHB Duncan Collins 0-0: Foul Ball, location: 2F
0-1: Foul Ball, location: 2F
0-2: Foul Ball, location: 2F
0-2: Ball
1-2: Ground out 2-3 (Groundball, 2L, EV 65.0 MPH)
Top of the 9th over - 0 runs, 0 hits, 0 errors, 0 left on base; Great Falls 5 - Bluefield 13
Wednesday, June 22nd , 2022 - OOTP Baseball 23.4 Build 64